 Dungeon Crawl Stone Soup version 0.29.1-15-g9cfb28693d (webtiles) character file.

Game seed: 14021992727464097737

5777 Peloso the Protected (level 10, 0/88 HPs)
             Began as a Minotaur Fighter on Apr 29, 2023.
             Slain by a gnoll sergeant
             ... wielding a +0 spear
              (10 damage)
             ... on level 8 of the Dungeon.
             The game lasted 00:15:13 (10413 turns).

Peloso the Protected (Minotaur Fighter)            Turns: 10413, Time: 00:15:13

Health: 0/88       AC: 13    Str: 32    XL:     10   Next: 50%
Magic:  18/18      EV: 10    Int:  5    God:
Gold:   509        SH:  6    Dex: 12    Spells: 9/9 levels left

rFire   . . .      SeeInvis .   b - +5 mace of Balance {venom, rC+ MP+9 Str+3}
rCold   + . .      Faith    .   d - +0 buckler
rNeg    . . .      Spirit   .   r - +0 chain mail
rPois   .          Reflect  .   (helmet restricted)
rElec   .          Harm     .   c - +0 cloak
rCorr   .          Rampage  .   (no gloves)
Will    .....                   (no boots)
Stlth   ..........              (no amulet)
HPRegen 0.24/turn               o - +6 ring of strength
MPRegen 0.16/turn               (no ring)

@: no status effects
A: horns 2, retaliatory headbutt
a: no special abilities


You were on level 8 of the Dungeon.
You visited 1 branch of the dungeon, and saw 8 of its levels.
You also visited: Sewer.

You collected 509 gold pieces.

Inventory:

Hand Weapons
 a - a +1 long sword
 b - the +5 mace of Balance (weapon) {venom, rC+ MP+9 Str+3}
   (You found it on level 4 of the Dungeon)

   It poisons the flesh of those it strikes.
   Str:       It affects your strength (+3).
   rC:        It protects you from cold.
   MP:        It affects your magic capacity (+9).
Missiles
 z - a throwing net (quivered)
Armour
 c - a +0 cloak (worn)
 d - a +0 buckler (worn)
 r - a +0 chain mail (worn)
Jewellery
 o - a +6 ring of strength (left hand)
Wands
 x - a wand of charming (4)
Scrolls
 e - 4 scrolls of butterflies {unknown}
 k - a scroll of fear
 l - 5 scrolls of blinking
 m - a scroll of amnesia {unknown}
 p - a scroll of magic mapping {unknown}
 t - 2 scrolls of enchant armour {unknown}
 u - a scroll of immolation
 w - 4 scrolls of identify
 y - a scroll of poison {unknown}
 B - a scroll of teleportation {unknown}
Potions
 f - 3 potions of berserk rage
 g - 2 potions of might
 h - 2 potions of flight
 i - 3 potions of heal wounds
 j - 3 potions of haste
 n - 3 potions of cancellation {unknown}
 q - a potion of lignification {unknown}
 s - 2 potions of curing {unknown}
 v - a potion of magic {unknown}
 A - a potion of degeneration {unknown}


   Skills:
 + Level 7.8 Fighting
 + Level 7.6 Long Blades
 + Level 9.3 Maces & Flails
 + Level 10.4 Armour
 + Level 3.9 Dodging
 + Level 1.3 Stealth
 + Level 8.1 Shields


You had 9 spell levels left.
You didn't know any spells.
Your spell library contained the following spells:

 Spells                   Type           Power      Damage    Failure   Level
 Call Canine Familiar     Summ           0%         N/A       100%        3
 Portal Projectile        Hex/Tloc       0%         N/A       100%        3
 Leda's Liquefaction      Hex/Erth       0%         N/A       100%        4


Dungeon Overview and Level Annotations

Branches:
Dungeon (8/15)             Temple (0/1) D:4           Sewer (visited)
   Lair: D:8-11

Altars:
Elyvilon
Kikubaaqudgha
Makhleb
Nemelex Xobeh
Qazlal
Trog
Xom

Annotations:
D:2 1 runed translucent door, Crazy Yiuf, Jessica
D:3 3 runed translucent doors, Eitelfritz's ghost, weakling MiGl


Innate Abilities, Weirdness & Mutations

You have a pair of horns on your head.
You reflexively headbutt those who attack you in melee.


Message History

You sock something! Your headbutt misses something.
The gnoll hits you from afar with a +0 spear.
You block the gnoll's attack. You block the gnoll sergeant's attack.
Something hits you. Something bites you!
Something draws strength from your injuries!
You hit something. Your headbutt misses something.
You block the gnoll sergeant's attack. Something hits you.
Something bites you but does no damage. The gnoll closely misses you. x2
You furiously retaliate!
You headbutt the gnoll! The gnoll hits you but does no damage.
You closely miss something. Your headbutt misses something.
The gnoll hits you but does no damage.
The gnoll sergeant hits you but does no damage.
Something draws life force from you! You block the gnoll's attack.
The gnoll hits you but does no damage.
You barely miss something. You block the gnoll's attack.
The gnoll sergeant hits you but does no damage.
Something hits you. Something bites you.
Something draws strength from your injuries!
The gnoll hits you but does no damage.
The gnoll hits you from afar with a +0 halberd.
The gnoll hits you but does no damage.
You hit something. You headbutt something.
The gnoll sergeant barely misses you. Something hits you but does no damage.
Something bites you.
Something draws strength from your injuries!
The gnoll hits you with a +0 flail!
* * * LOW HITPOINT WARNING * * *
You block the gnoll's attack. The gnoll closely misses you.
You barely miss something.
The gnoll sergeant hits you but does no damage.
Something hits you but does no damage. Something bites you!
* * * LOW HITPOINT WARNING * * *
Something draws strength from your injuries!
The gnoll hits you with a +0 club.
* * * LOW HITPOINT WARNING * * *
You block the gnoll's attack. The gnoll closely misses you. x2
You hit something but do no damage. Your headbutt misses something.
The gnoll sergeant hits you from afar with a +0 spear!
You die...

..............##...########
..........######...........
...... # #.# #............
###### #.# #...######### ##
#.##..## . #.#..# # #...# #
#...# #.g@# #gg{# #.gg##
#..g #... .. #... #.# #...
# . #..: .


You could see a gnoll sergeant and 5 gnolls.

Vanquished Creatures
  A boulder beetle (D:8)
  A two-headed ogre (D:7)
  Pikel (D:4)
  A gargoyle (D:8)
  A meliai (D:8)
  A hornet (D:7)
  Prince Ribbit (D:7)
  A steam dragon (D:7)
  2 water moccasins
  2 black bears
  A sky beast (D:8)
  A centaur (D:6)
  An ogre (D:7)
  A phantom (D:6)
  A kobold brigand (D:8)
  3 necrophages
  4 bullfrogs
  4 scorpions
  9 wights
  A howler monkey (D:5)
  5 orc priests
  5 hounds
  7 jellies
  5 iguanas
  4 orc wizards
  9 gnolls
  11 adders
  A shadow imp (D:7)
  4 white imps
  An ufetubus (D:6)
  2 worms (D:2)
  6 dart slugs
  27 orcs
  12 endoplasms
  12 giant cockroaches
  7 goblins
  9 hobgoblins
  6 jackals
  12 quokkas
  17 ball pythons
  6 bats
  10 frilled lizards
  8 kobolds
  9 rats
233 creatures vanquished.

Vanquished Creatures (others)
  An orc wizard (D:7)
  2 fungi (D:3)
  5 plants
8 creatures vanquished.

Grand Total: 241 creatures vanquished

Notes
Turn   | Place    | Note
-------+----------+-------------------------------------------
     0 | D:1      | Peloso the Minotaur Fighter began the quest for the Orb.
     0 | D:1      | Reached XP level 1. HP: 19/19 MP: 0/0
     3 | D:1      | Noticed an electric eel
     4 | D:1      | Noticed an electric eel
   311 | D:1      | Reached XP level 2. HP: 27/27 MP: 1/1
   545 | D:1      | Reached skill level 4 in Armour
   687 | D:1      | Reached XP level 3. HP: 23/33 MP: 2/2
  1333 | D:2      | Found a runed translucent door.
  1334 | D:2      | Noticed Crazy Yiuf
  1336 | D:2      | Noticed Jessica
  1479 | D:2      | Reached XP level 4. HP: 39/40 MP: 3/3
  1871 | D:2      | Reached skill level 1 in Dodging
  1922 | D:2      | Reached XP level 5. HP: 32/47 MP: 4/4
  2188 | D:2      | Found a white marble altar of Elyvilon.
  2560 | D:3      | Found a glowing drain.
  2590 | Sewer    | Entered a sewer
  3103 | Sewer    | Reached XP level 6. HP: 48/53 MP: 5/5
  3195 | Sewer    | Reached skill level 5 in Long Blades
  3195 | Sewer    | Reached skill level 5 in Armour
  3198 | Sewer    | Reached skill level 5 in Shields
  3448 | D:3      | Found a runed translucent gate.
  3448 | D:3      | Found a runed translucent gate.
  3448 | D:3      | Noticed Eitelfritz's ghost (weakling MiGl)
  3450 | D:3      | Found a runed translucent gate.
  3929 | D:4      | Noticed Pikel
  3947 | D:4      | Killed Pikel
  3948 | D:4      | Reached skill level 5 in Fighting
  3948 | D:4      | Reached skill level 6 in Armour
  3948 | D:4      | Reached XP level 7. HP: 34/61 MP: 6/6
  4187 | D:4      | Found a burning altar of Makhleb.
  4243 | D:4      | Found an ancient bone altar of Kikubaaqudgha.
  4384 | D:4      | Found a staircase to the Ecumenical Temple.
  4419 | D:4      | Identified the +5 mace of Balance {venom, rC+ MP+9 Str+3}
  4509 | D:4      | Found a stormy altar of Qazlal.
  4988 | D:5      | Entered Level 5 of the Dungeon
  5128 | D:5      | Reached XP level 8. HP: 69/69 MP: 7/7
  5153 | D:5      | Found a sparkling altar of Nemelex Xobeh.
  5234 | D:5      | Reached skill level 1 in Maces & Flails
  5425 | D:5      | Reached skill level 7 in Armour
  6334 | D:6      | Reached skill level 5 in Maces & Flails
  6337 | D:6      | Reached XP level 9. HP: 48/75 MP: 8/8
  6757 | D:6      | Found a shimmering altar of Xom.
  6968 | D:6      | Reached skill level 8 in Armour
  7520 | D:7      | Found a bloodstained altar of Trog.
  7550 | D:7      | Noticed Prince Ribbit
  7558 | D:7      | Killed Prince Ribbit
  7591 | D:7      | Identified the +4 rapier of Vouptu Yrum {flame, Will+}
  7845 | D:7      | Reached skill level 1 in Stealth
  8393 | D:7      | Reached skill level 9 in Armour
  8646 | D:8      | Noticed a two-headed ogre
  8786 | D:8      | Noticed a gargoyle
  8787 | D:8      | Reached XP level 10. HP: 34/86 MP: 9/9
  9036 | D:8      | Killed a gargoyle
  9265 | D:8      | Noticed a boulder beetle
  9313 | D:7      | Killed a two-headed ogre
  9765 | D:8      | Killed a boulder beetle
  9766 | D:8      | Reached skill level 10 in Armour
 10413 | D:8      | Slain by a gnoll sergeant

Illustrated notes

Levels and vault maps discovered:
D:1:      arrival_aquarium_b, layout_loops_corners
D:2:      layout_basic, basic_altar, chequers_serial_rivers_micro_d,
          uniq_crazy_yiuf_cottage, uniq_jessica
D:3:      layout_loops_ring, gammafunk_ghost_nasty_kobolds, portal_sewer_entry_a
D:4:      layout_loops_corners, kennysheep_mini, lemuel_tele_altar,
          nicolae_kikubaaqudgha_miasma_corner, minmay_temple_entry_junction_2,
          serial_bayou_ford_a, uniq_pikel
D:5:      layout_gridville, kennysheep_little_box, grunt_ministairs_4,
          hangedman_decor_lopped, serial_park_tiny_pond
D:6:      layout_loops_ring, dk_xom_monty_hall
D:7:      layout_loops_corners, old_standard_altar, minmay_misc_feat_nine_boxes,
          uniq_prince_ribbit1
D:8:      minmay_ornate_pinched, layout_layer_cave, grunt_dithmenos_smoke,
          serial_rivers, chequers_serial_rivers_micro_e,
          chequers_serial_rivers_room_b, chequers_serial_rivers_micro_b,
          chequers_serial_rivers_room_b, chequers_serial_rivers_small_3,
          chequers_serial_rivers_small_3

Skill      XL: |  1  2  3  4  5  6  7  8  9 10 |
---------------+-------------------------------+-----
Shields        | 4 5 6 7 8 |  8.1
Armour         | 4 6 7 9 10 | 10.4
Fighting       | 4 5 6 7 |  7.8
Long Blades    | 3 4 6 7 |  7.6
Dodging        | 1 2 3 |  3.9
Maces & Flails | 5 8 9 |  9.3
Stealth        | 1 |  1.3

Action                   |  1- 3 |  4- 6 |  7- 9 | 10-12 || total
-------------------------+-------+-------+-------+-------++-------
Melee: Long sword        |    94 |   229 |    26 |       ||   349
       Headbutt          |     8 |    44 |    54 |    15 ||   121
       Mace              |       |       |   227 |    46 ||   273
  Use: Scroll            |       |     7 |       |       ||     7
       Potion            |       |       |     2 |       ||     2
Armor: Scale mail        |    44 |       |       |       ||    44
       Chain mail        |    13 |   154 |   152 |    36 ||   355
Dodge: Dodged            |    50 |    76 |   110 |    20 ||   256
Block: Buckler           |    25 |    68 |    65 |    13 ||   171
